 Dungeon Crawl Stone Soup version 0.20-a0-350-ga83eecc (webtiles) character file.

8340 snakesoul the Protected (level 11, -6/101 HPs)
             Began as a Minotaur Fighter on Dec 23, 2016.
             Was an Elder of Cheibriados.
             Mangled by Snorg (10 damage)
             ... on level 10 of the Dungeon.
             The game lasted 00:14:29 (9767 turns).

snakesoul the Protected (Minotaur Fighter)          Turns: 9767, Time: 00:14:31

Health: -6/101     AC: 13    Str: 36    XL:     11   Next: 8%
Magic:  10/10      EV:  6    Int: 15    God:    Cheibriados [****..]
Gold:   351        SH: 21    Dex: 23    Spells: 10/10 levels left

rFire  + . .     SeeInvis .     a - +0 long sword
rCold  x . .     Gourm    .     E - +2 chain mail {rPois}
rNeg   . . .     Faith    .     B - +0 large shield
rPois  +         Spirit   .     (helmet restricted)
rElec  .         Reflect  .     (no cloak)
rCorr  .         Harm     .     (no gloves)
MR     .....                    (no boots)
Stlth  ..........               (no amulet)
                                q - ring of stealth
                                j - ring of fire

@: mighty, very slow
A: retaliatory headbutt, horns 2
a: Bend Time, Temporal Distortion, Slouch, Renounce Religion


You were on level 10 of the Dungeon.
You worshipped Cheibriados.
Cheibriados was greatly pleased with you.
You were not hungry.

You visited 1 branch of the dungeon, and saw 11 of its levels.
You also visited: Sewer.

You collected 521 gold pieces.
You spent 170 gold pieces at shops.

Inventory:

Hand Weapons
 a - a +0 long sword (weapon)
Missiles
 I - 12 tomahawks (quivered)
Armour
 c - a +0 shield
 B - a +0 large shield (worn)
 E - a +2 chain mail of poison resistance (worn)
Jewellery
 j - a ring of fire (left hand)
 q - a ring of stealth (right hand)
Wands
 y - a wand of flame (30/48)
 F - a wand of iceblast (9/15)
 H - a wand of flame (0/48)
Scrolls
 b - a scroll of enchant armour {unknown}
 g - a scroll of noise {unknown}
 l - 6 scrolls of identify
 m - 10 scrolls of remove curse
 o - 3 scrolls of enchant weapon {unknown}
 t - 7 scrolls of teleportation {unknown}
 v - 3 scrolls of random uselessness {unknown}
 x - 3 scrolls of recharging {unknown}
 C - 3 scrolls of fear {unknown}
 D - a scroll of brand weapon {unknown}
 G - 2 scrolls of amnesia {unknown}
 M - a scroll of blinking
 N - a scroll of magic mapping {unknown}
Potions
 d - 5 potions of might
 e - a potion of cancellation {unknown}
 n - a potion of resistance {unknown}
 r - 6 potions of curing
 s - 3 potions of heal wounds
 u - 6 potions of brilliance {unknown}
 w - a potion of flight {unknown}
 z - a potion of lignification {unknown}
 A - a potion of magic {unknown}
 O - a potion of cure mutation {unknown}
Books
 L - a book of Air

   Spells                             Type                      Level
   a - Shock                          Conjuration/Air              1
   b - Swiftness                      Charms/Air                   2
   c - Repel Missiles                 Charms/Air                   2
   d - Static Discharge               Conjuration/Air              3
   e - Lightning Bolt                 Conjuration/Air              5
 P - a book of Battle

   Spells                             Type                      Level
   a - Infusion                       Charms                       1
   b - Shroud of Golubria             Charms/Translocation         2
   c - Song of Slaying                Charms                       2
   d - Spectral Weapon                Hexes/Charms                 3
   e - Regeneration                   Charms/Necromancy            3
Comestibles
 f - 9 bread rations
 h - 9 beef jerkies
 i - a slice of pizza
 k - 6 meat rations
 p - 3 royal jellies
 J - 4 fruits
 K - 7 chunks of flesh


   Skills:
 + Level 10.8 Fighting
 + Level 10.6 Long Blades
 + Level 10.9 Armour
 + Level 10.8 Shields


You had 10 spell levels left.
You didn't know any spells.

Dungeon Overview and Level Annotations

Branches:
Dungeon (11/15)            Temple (0/1) D:7             Orc (0/2) D:9
   Lair: D:8-11

Altars:
Ashenzari
Cheibriados
Fedhas
Gozag
Hepliaklqana
Makhleb
Qazlal
Trog
Vehumet

Shops:
D:4 (   D:5 *?

Annotations:
D:10 Snorg


Innate Abilities, Weirdness & Mutations

You reflexively headbutt those who attack you in melee.
You have a pair of horns on your head.


Message History

You closely miss Snorg.
Snorg is moderately wounded.
Snorg bites you. Snorg claws you! You block Snorg's attack. Snorg bites you!
Snorg claws you but does no damage. You block Snorg's attack.
You hit Snorg.
Snorg is moderately wounded.
Snorg bites you! Snorg completely misses you. You block Snorg's attack.
You are too injured to fight recklessly!
You feel very mighty all of a sudden. You block Snorg's attack.
Snorg claws you!
* * * LOW HITPOINT WARNING * * *
You block Snorg's attack. x4
You closely miss Snorg. Your headbutt misses Snorg.
Snorg is lightly wounded.
You block Snorg's attack. x2; Snorg claws you.
* * * LOW HITPOINT WARNING * * *
Snorg bites you!!
* * * LOW HITPOINT WARNING * * *
Snorg claws you!
You die...

#.....###### ###.### #
##..# # ##..#########
##..##......##
#####..#.........#
#####.##..##........#
..#....%.#..##......###
......T@...####....##
..........## ######
...........#
...........#
...........#
............ .
#......?....# ...
#..........## .....
.....


You could see Snorg (berserk).

Vanquished Creatures
  3 two-headed ogres
  The ghost of bear the Basher, a journeyman GrFi of Makhleb (D:10)
  Nergalle (D:11)
  A hippogriff (D:11)
  Sigmund (D:4)
  Eustachio (D:6)
  Menkaure (D:4)
  2 wargs (D:9)
  A water moccasin (D:8)
  3 sky beasts
  3 black bears
  3 ice beasts
  7 orc warriors
  3 ogres
  A phantom (D:9)
  7 centaurs
  5 big kobolds
  3 bullfrogs
  Blork the orc (D:4)
  A wyvern zombie (D:10)
  3 scorpions
  A howler monkey (D:6)
  4 crimson imps
  2 centaur skeletons
  A jelly (D:9)
  4 hounds
  5 orc priests
  An iguana (D:7)
  6 orc wizards
  3 worker ants
  A killer bee zombie (D:8)
  2 gnolls (D:4)
  12 adders
  5 river rats (Sewer)
  2 shadow imps (D:7)
  An adder skeleton (D:6)
  5 worms
  A dart slug (D:1)
  7 leopard geckos
  30 orcs
  4 giant cockroaches (D:2)
  2 hobgoblins (D:2)
  6 jackals
  29 kobolds
  4 quokkas
  6 ball pythons (Sewer)
  5 bats
  3 frilled lizards
  11 goblins
  26 rats
241 creatures vanquished.

Vanquished Creatures (others)
  2 fungi (D:10)
2 creatures vanquished.

Grand Total: 243 creatures vanquished

Notes
Turn   | Place    | Note
-------+----------+-------------------------------------------
     0 | D:1      | snakesoul the Minotaur Fighter began the quest for the Orb.
     0 | D:1      | Reached XP level 1. HP: 19/19 MP: 0/0
   186 | D:1      | Reached XP level 2. HP: 23/27 MP: 1/1
   902 | D:2      | Found an opulent altar of Gozag.
   923 | D:2      | Reached XP level 3. HP: 19/33 MP: 2/2
  1318 | D:2      | Found a hazy altar of Hepliaklqana.
  1399 | D:2      | Reached XP level 4. HP: 40/41 MP: 3/3
  1462 | D:2      | Found a faded altar of an unknown god.
  2000 | D:3      | Found a glowing drain.
  2012 | Sewer    | Entered a sewer
  2121 | Sewer    | Reached XP level 5. HP: 47/47 MP: 4/4
  2435 | Sewer    | Reached skill level 5 in Fighting
  2502 | Sewer    | Reached skill level 5 in Armour
  2502 | Sewer    | Reached skill level 5 in Shields
  2502 | Sewer    | Reached XP level 6. HP: 49/56 MP: 5/5
  3668 | D:4      | Noticed Blork the orc
  3672 | D:4      | Killed Blork the orc
  3672 | D:4      | Reached skill level 5 in Long Blades
  3672 | D:4      | Reached XP level 7. HP: 62/62 MP: 6/6
  4122 | D:4      | Noticed Menkaure
  4130 | D:4      | Killed Menkaure
  4147 | D:4      | Noticed Sigmund
  4157 | D:4      | Killed Sigmund
  4293 | D:4      | Found Roufug's Antique Weapon Emporium.
  4304 | D:4      | Bought a crystal war axe for 170 gold pieces
  4304 | D:4      | Identified the cursed +0 war axe of Sloth {chop, *Slow +Inv rC++ Int-5} (You bought it in a shop on level 4 of the Dungeon)
  4591 | D:5      | Entered Level 5 of the Dungeon
  4826 | D:5      | Found a blossoming altar of Fedhas.
  4827 | D:5      | Found a burning altar of Makhleb.
  4829 | D:5      | Found a snail-covered altar of Cheibriados.
  4862 | D:5      | Found Zaten's Magic Scroll Emporium.
  4888 | D:5      | Became a worshipper of Cheibriados the Contemplative
  5019 | D:5      | Found Loacki's General Store.
  5033 | D:5      | Reached XP level 8. HP: 59/71 MP: 7/7
  5315 | D:5      | Found a stormy altar of Qazlal.
  5439 | D:6      | Noticed Eustachio
  5466 | D:6      | Killed Eustachio
  5608 | D:6      | You fall through a shaft for 3 floors!
  5684 | D:8      | Noticed a two-headed ogre
  5701 | D:8      | Killed a two-headed ogre
  5701 | D:8      | Reached XP level 9. HP: 11/81 MP: 8/8
  5720 | D:8      | Reached * piety under Cheibriados
  6179 | D:6      | Reached ** piety under Cheibriados
  6182 | D:6      | Found a radiant altar of Vehumet.
  7061 | D:7      | Found a staircase to the Ecumenical Temple.
  7418 | D:8      | Reached XP level 10. HP: 80/91 MP: 9/9
  7463 | D:8      | Reached *** piety under Cheibriados
  7597 | D:8      | Found a shattered altar of Ashenzari.
  8020 | D:9      | Found a staircase to the Orcish Mines.
  8538 | D:9      | Reached **** piety under Cheibriados
  8538 | D:9      | Reached skill level 10 in Armour
  8582 | D:9      | Found a bloodstained altar of Trog.
  8720 | D:9      | Noticed a two-headed ogre
  8731 | D:9      | Killed a two-headed ogre
  8731 | D:9      | Reached skill level 10 in Fighting
  8731 | D:9      | Reached skill level 10 in Shields
  8989 | D:10     | Entered Level 10 of the Dungeon
  8989 | D:10     | Noticed a two-headed ogre
  8998 | D:10     | Killed a two-headed ogre
  8998 | D:10     | Reached skill level 10 in Long Blades
  9305 | D:10     | Noticed bear's ghost (journeyman GrFi)
  9306 | D:10     | Noticed Nergalle
  9597 | D:11     | Killed Nergalle
  9607 | D:11     | Reached XP level 11. HP: 86/101 MP: 10/10
  9684 | D:10     | Killed bear's ghost
  9758 | D:10     | Noticed Snorg
  9767 | D:10     | HP: 4/101 [Snorg (19)]
  9767 | D:10     | Mangled by Snorg

Vault maps used:
D:1:      dpeg_arrival_rooms_b, minivault_11
D:2:      marbit_many_paths, grunt_gozag_breadcrumbs, old_standard_altar,
          chequers_ecumenical_altar_lobes, serial_bayou, serial_bayou_pond_e,
          serial_bayou_shore_b, serial_bayou_pond_a, serial_bayou_lagoon_a
D:3:      portal_sewer_entry_d
D:4:      first_bread, st_stairs_9, kennysheep_small_square, uniq_blork_the_orc,
          uniq_sigmund, uniq_menkaure
D:5:      minitemple, lemuel_round_altar, serial_shops, shop_scrolls, shop
D:6:      vehumet_altar_wand_db, uniq_eustachio
D:8:      ashenzari_conservatory_becter
D:9:      trog_ov_bears_minmay, david_orc_1_choice, grunt_ogre_cave
D:10:     serial_park, serial_park_square2, serial_park_square3, uniq_nergalle,
          uniq_snorg
D:11:     lair_entry_dummy, serial_shops, shop, uniq_fannar
Sewer:    sewer_minmay_treatment

Skill      XL: |  1  2  3  4  5  6  7  8  9 10 |
---------------+-------------------------------+-----
Fighting       | 4 5 6 8 9 10 | 10.8
Armour         | 4 5 6 8 9 10 | 10.9
Long Blades    | 3 4 5 6 7 9 10 | 10.6
Shields        | 4 5 6 8 9 10 | 10.8

Action                   |  1- 3 |  4- 6 |  7- 9 | 10-12 || total
-------------------------+-------+-------+-------+-------++-------
Melee: Long sword        |    81 |   190 |   297 |   242 ||   810
       Headbutt          |    11 |    36 |    95 |    90 ||   232
  Use: Scroll            |       |       |     3 |     2 ||     5
       Potion            |       |       |     4 |     2 ||     6
  Eat: Chunk             |     2 |     6 |    11 |     3 ||    22
       Fruit             |       |       |       |     1 ||     1
Armor: Scale mail        |    25 |    89 |    60 |       ||   174
       Chain mail        |       |       |    47 |    84 ||   131
Dodge: Dodged            |    27 |    64 |    54 |    27 ||   172
Block: Shield            |    37 |   140 |    20 |       ||   197
       Large shield      |       |       |   245 |   275 ||   520
       Rpst.: Long sword |     5 |    21 |    12 |     6 ||    44
